[Event "Olimpiade 2024 - Donne"]
[Site "Budapest"]
[Date "22.09.2024"]
[Round "11.1"]
[White "Assaubayeva, Bibisara"]
[Black "Tokhirjonova, Gulrukhbegim"]
[Result "1-0"]
[WhiteElo "2482"]
[BlackElo "2380"]
[ECO "A29"]
[Opening "English"]
[Variation "four knights, kingside fianchetto"]
[TimeControl "40/5400+30:1800+30"]
[EventDate "2024.09.11"]
[Board "1"]
[WhiteFideId "13708694"]
[BlackFideId "14203626"]
[WhiteTeam "Kazakhstan"]
[BlackTeam "United States of America"]

1. c4 Nf6 2. Nc3 e5 3. Nf3 Nc6 4. g3 Nd4 5. Bg2 Nxf3+ 6. Bxf3 Bb4 7. Qb3 a5
8. g4 h6 9. d3 d5 10. cxd5 Bxg4 11. Bg2 O-O 12. h3 Bh5 13. Bd2 Re8 14. Rg1
Ra6 15. O-O-O Qd6 16. Rde1 a4 17. Qc4 a3 18. b3 Ra5 19. Kb1 Bxc3 20. Bxc3
Rc5 21. Bb4 Rxc4 22. Bxd6 Rf4 23. Bxc7 Rxf2 24. d6 Bxe2 25. Bxb7 Bxd3+ 26.
Ka1 Bb5 27. Re3 Nd7 28. b4 e4 29. Rxe4 Rxe4 30. Bxe4 Rf4 31. Re1 f5 32. Bc2
Rxb4 33. Bxf5 Nf6 34. Re3 Rf4 35. Be6+ Kh7 36. Rxa3 Rf1+ 37. Kb2 Re1 38.
Bf5+ g6 39. Bd3 Bd7 40. Bd8 Re6 41. Bxf6 Rxd6 42. Be7 Rb6+ 43. Kc3 Bxh3 44.
Ra7 Kg8 45. a4 Bg2 46. Bc5 Rb7 47. Ra6 h5 48. Rxg6+ Rg7 49. Rh6 Rg5 50. Bd4
Kf8 51. Be2 Bd5 52. Bc4 Bg2 53. Bf6 Rg3+ 54. Kb4 Ke8 55. Be6 Rg4+ 56. Kc5
1-0

[Event "Olimpiade 2024 - Donne"]
[Site "Budapest"]
[Date "22.09.2024"]
[Round "11.1"]
[White "Yip, Carissa"]
[Black "Kamalidenova, Meruert"]
[Result "1-0"]
[WhiteElo "2386"]
[BlackElo "2352"]
[ECO "E71"]
[Opening "King's Indian"]
[Variation "Makagonov system (5.h3)"]
[TimeControl "40/5400+30:1800+30"]
[EventDate "2024.09.11"]
[Board "2"]
[WhiteFideId "2090732"]
[BlackFideId "13712802"]
[WhiteTeam "United States of America"]
[BlackTeam "Kazakhstan"]

1. c4 Nf6 2. Nc3 g6 3. e4 d6 4. d4 Bg7 5. h3 O-O 6. Be3 Nfd7 7. Nf3 a6 8.
Qd2 c5 9. Be2 Nc6 10. O-O cxd4 11. Nxd4 Nc5 12. Rfd1 Be6 13. Rab1 a5 14. b3
Bd7 15. Ndb5 b6 16. f4 Na7 17. Nd4 e5 18. Nf3 exf4 19. Bxf4 Re8 20. Bd3 Bc6
21. Bg5 f6 22. Bh4 Nc8 23. Bc2 Ra7 24. Nd4 Ba8 25. Rf1 Rf7 26. Rbe1 Na7 27.
a3 Nc6 28. Nxc6 Bxc6 29. b4 Ne6 30. Bb3 Kh8 31. Kh1 Qd7 32. Nd5 Bxd5 33.
Qxd5 a4 34. Ba2 Rff8 35. Bg3 Rd8 36. c5 Rfe8 37. cxd6 Ng5 38. Bc4 Qc8 39.
Bb5 Qc3 40. Kh2 Rf8 41. d7 Nf7 42. e5 Nxe5 43. Rxe5 Qxa3 44. Re8 Qxb4 45.
Rfe1 a3 46. Rxd8 1-0

[Event "Olimpiade 2024 - Donne"]
[Site "Budapest"]
[Date "22.09.2024"]
[Round "11.1"]
[White "Balabayeva, Xeniya"]
[Black "Krush, Irina"]
[Result "1/2-1/2"]
[WhiteElo "2335"]
[BlackElo "2396"]
[ECO "A46"]
[Opening "Queen's pawn game"]
[TimeControl "40/5400+30:1800+30"]
[EventDate "2024.09.11"]
[Board "3"]
[WhiteFideId "13719688"]
[BlackFideId "2012782"]
[WhiteTeam "Kazakhstan"]
[BlackTeam "United States of America"]

1. d4 Nf6 2. Nf3 e6 3. Bf4 d5 4. e3 Bd6 5. Ne5 O-O 6. Bd3 c5 7. c3 Qc7 8.
Nd2 b6 9. Qf3 Ba6 10. Bxa6 Nxa6 11. O-O Rac8 12. h4 Nb8 13. g4 Nc6 14. Qg3
Rfd8 15. Rad1 Ne8 16. Ndf3 f6 17. Nxc6 Qxc6 18. g5 f5 19. Ne5 Bxe5 20. Bxe5
Qd7 21. h5 Nd6 22. h6 g6 23. Kh1 Nc4 24. b3 Nxe5 25. Qxe5 c4 26. b4 a6 27.
f3 Rc7 28. e4 Qd6 29. Qh2 dxe4 30. fxe4 Rf7 31. exf5 Rxf5 32. Rxf5 gxf5 33.
Re1 Qd5+ 34. Kg1 Qd6 35. Re5 Qe7 36. Qf4 Kf7 37. d5 Rxd5 38. Rxd5 exd5 39.
Qxf5+ Ke8 40. Qc8+ Kf7 41. Qf5+ Ke8 42. Qxd5 Qe3+ 43. Kg2 Ke7 44. g6 Qe2+
45. Kg3 Qe1+ 46. Kg4 Qg1+ 47. Kf4 Qh2+ 48. Ke4 Qh4+ 49. Ke3 Qxh6+ 50. Kf2
Qh2+ 51. Kf1 Qh3+ 52. Kf2 Qh2+ 53. Kf1 Qh3+ 54. Kf2 Qh2+ 55. Kf1 Qh3+
1/2-1/2

[Event "Olimpiade 2024 - Donne"]
[Site "Budapest"]
[Date "22.09.2024"]
[Round "11.1"]
[White "Lee, Alice"]
[Black "Nurman, Alua"]
[Result "1/2-1/2"]
[WhiteElo "2384"]
[BlackElo "2324"]
[ECO "D60"]
[Opening "QGD"]
[Variation "Orthodox defence"]
[TimeControl "40/5400+30:1800+30"]
[EventDate "2024.09.11"]
[Board "4"]
[WhiteFideId "30941822"]
[BlackFideId "13729390"]
[WhiteTeam "United States of America"]
[BlackTeam "Kazakhstan"]

1. d4 d5 2. c4 e6 3. Nf3 Nf6 4. Nc3 Be7 5. Bg5 O-O 6. e3 Nbd7 7. cxd5 exd5
8. Bd3 c6 9. Qc2 Re8 10. O-O h6 11. Bh4 Ne4 12. Bxe7 Qxe7 13. b4 Ndf6 14.
b5 c5 15. dxc5 Nxc5 16. Be2 Be6 17. Qb2 Rac8 18. Rfc1 Nfe4 19. Qa3 Nxf2 20.
Na4 Nxa4 21. Qxa4 Ng4 22. Qxa7 Bf5 23. Bf1 Qxe3+ 24. Qxe3 Nxe3 25. a4 Rxc1
26. Rxc1 Ra8 27. Nd4 Be4 28. Ra1 b6 29. a5 bxa5 30. Nc6 Nc4 31. Bxc4 dxc4
32. Ra4 Bxc6 33. bxc6 Rc8 34. Rxc4 a4 35. Rxa4 Rxc6 36. h3 Rc2 37. Kh2 g6
38. Rb4 Kg7 39. Ra4 Re2 40. Kg3 Rd2 41. Kf3 Rc2 42. Rb4 Rc3+ 43. Kf2 g5 44.
h4 Kg6 45. Rb6+ f6 46. hxg5 hxg5 47. g4 Rc7 48. Kf3 Kf7 49. Ra6 Rc3+ 50.
Kf2 Rd3 51. Ke2 Rd4 52. Kf3 Ke7 53. Ra3 Kd6 54. Ra6+ Ke5 55. Ra5+ Rd5 56.
Ra3 Rd1 57. Re3+ Kd4 58. Re6 Rf1+ 59. Kg3 Rf4 60. Ra6 Ke5 61. Ra5+ Ke6 62.
Ra6+ Kf7 63. Ra7+ Kg6 64. Rb7 Re4 65. Kf3 Re6 66. Ra7 Rb6 67. Rc7 Rb3+ 68.
Kf2 Rb8 69. Ra7 Rf8 70. Kg3 Rf7 71. Rxf7 Kxf7 72. Kf3 Kf8 73. Kf2 Ke8 74.
Ke2 Kd7 75. Kd3 Kd6 76. Kd4 Kc6 77. Kc4 Kd7 78. Kd3 Ke8 79. Ke2 Ke7 80. Ke3
Ke6 81. Ke4 Kd7 1/2-1/2

[Event "Olimpiade 2024 - Donne"]
[Site "Budapest"]
[Date "22.09.2024"]
[Round "11.2"]
[White "Gaal, Zsoka"]
[Black "Khademalsharieh, Sarasadat"]
[Result "0-1"]
[WhiteElo "2385"]
[BlackElo "2468"]
[ECO "D35"]
[Opening "QGD"]
[Variation "exchange, positional line, 5...c6"]
[TimeControl "40/5400+30:1800+30"]
[EventDate "2024.09.11"]
[Board "1"]
[WhiteFideId "777765"]
[BlackFideId "12512214"]
[WhiteTeam "Hungary"]
[BlackTeam "Spain"]

1. d4 d5 2. c4 e6 3. Nc3 Nf6 4. cxd5 exd5 5. Bg5 c6 6. e3 h6 7. Bh4 Be7 8.
Bd3 O-O 9. Qc2 Re8 10. Nf3 Nbd7 11. O-O Ne4 12. Bxe7 Qxe7 13. Rae1 f5 14.
Ne2 a5 15. Nf4 Qf6 16. Be2 Nd6 17. h4 g6 18. h5 g5 19. Ng6 Qg7 20. g3 Nf6
21. Nfe5 Be6 22. Kg2 Nf7 23. Nd3 f4 24. exf4 Bf5 25. Qd1 Bxg6 26. hxg6 Qxg6
27. Ne5 Qg7 28. fxg5 Nxg5 29. Rh1 c5 30. Bb5 Re6 31. dxc5 Rf8 32. Rh4 Nfe4
33. Rexe4 dxe4 34. Nd7 Rf7 35. Rg4 Qxb2 36. Be2 e3 37. f4 Rxd7 38. Rxg5+
hxg5 39. Qxd7 Qxe2+ 0-1

[Event "Olimpiade 2024 - Donne"]
[Site "Budapest"]
[Date "22.09.2024"]
[Round "11.2"]
[White "Garcia Martin, Marta"]
[Black "Hoang, Thanh Trang"]
[Result "1-0"]
[WhiteElo "2318"]
[BlackElo "2351"]
[ECO "A84"]
[Opening "Dutch defence"]
[TimeControl "40/5400+30:1800+30"]
[EventDate "2024.09.11"]
[Board "2"]
[WhiteFideId "32084030"]
[BlackFideId "12400149"]
[WhiteTeam "Spain"]
[BlackTeam "Hungary"]

1. d4 e6 2. c4 f5 3. a3 Nf6 4. Nc3 g6 5. Bg5 h6 6. Bxf6 Qxf6 7. e4 Bg7 8.
e5 Qe7 9. f4 d6 10. Nf3 O-O 11. Qe2 g5 12. g3 dxe5 13. Nxe5 Rd8 14. O-O-O
Nd7 15. Bg2 c5 16. d5 Nxe5 17. fxe5 exd5 18. Bxd5+ Be6 19. Rhf1 Bxd5 20.
Nxd5 Qxe5 21. Qc2 Re8 22. Rxf5 Qe4 23. Nc7 Qxc2+ 24. Kxc2 Rf8 25. g4 Rxf5
26. gxf5 Rf8 27. Rd5 b6 28. Ne6 Rf7 29. b4 Rb7 30. Kb3 g4 31. Ka4 h5 32.
Kb5 Bf6 33. Kc6 Rh7 34. bxc5 bxc5 35. Nxc5 h4 36. Ne4 Bb2 37. f6 Bxa3 38.
c5 Rh6 39. Rg5+ Kf8 40. Rxg4 Bb2 41. Kd7 Be5 42. h3 Rh7+ 43. Rg7 Rxg7+ 44.
fxg7+ Kxg7 45. Nd6 a5 46. c6 a4 47. c7 a3 48. c8=Q a2 49. Ne8+ Kh6 50. Qa6+
1-0

[Event "Olimpiade 2024 - Donne"]
[Site "Budapest"]
[Date "22.09.2024"]
[Round "11.2"]
[White "Terbe, Julianna"]
[Black "Vega Gutierrez, Sabrina"]
[Result "0-1"]
[WhiteElo "2245"]
[BlackElo "2374"]
[ECO "D02"]
[Opening "Queen's pawn game, Krause variation"]
[TimeControl "40/5400+30:1800+30"]
[EventDate "2024.09.11"]
[Board "3"]
[WhiteFideId "708780"]
[BlackFideId "2219026"]
[WhiteTeam "Hungary"]
[BlackTeam "Spain"]

1. d4 d5 2. Nf3 c5 3. g3 cxd4 4. Bg2 Nf6 5. O-O h6 6. b3 g6 7. Bb2 Bg7 8.
Bxd4 Nc6 9. Bb2 O-O 10. Na3 Qa5 11. Qe1 Qa6 12. c4 Be6 13. b4 Qa4 14. b5
Na5 15. cxd5 Nxd5 16. Bxg7 Kxg7 17. Qc1 Rac8 18. Qb2+ Rc3 19. Nb1 Qc2 20.
Qxc2 Rxc2 21. Nd4 Rb2 22. Rc1 Rd8 23. Na3 Bg4 24. e3 e5 25. Nf3 Bxf3 26.
Bxf3 Nb6 27. Rc2 Rd2 28. Rxd2 Rxd2 29. Kf1 Na4 30. Be2 Nc3 31. Nc4 Rxe2 32.
Nxa5 Rxa2 33. Rxa2 Nxa2 34. Nxb7 Nc3 35. Nd6 Kf6 36. Ke1 Ke6 37. Nc4 Nxb5
38. e4 Nd4 39. h4 f5 40. exf5+ gxf5 41. Kd2 Kd5 42. Kd3 e4+ 43. Kc3 Nb5+
44. Kb4 Nd6 45. Ne3+ Kd4 46. h5 Ke5 47. Kc5 Ne8 48. g4 Ng7 49. gxf5 Nxf5
50. Ng4+ Kf4 51. Nf6 Ng7 52. Kd5 a5 53. Ng8 a4 54. Kc4 Kg5 55. Kb4 Nxh5 56.
Kxa4 Nf6 57. Ne7 h5 58. Nc6 h4 59. Nd4 h3 60. Ne2 Nh5 0-1

[Event "Olimpiade 2024 - Donne"]
[Site "Budapest"]
[Date "22.09.2024"]
[Round "11.2"]
[White "Matnadze Bujiashvili, Ann"]
[Black "Lazarne Vajda, Szidonia"]
[Result "1/2-1/2"]
[WhiteElo "2338"]
[BlackElo "2283"]
[ECO "A10"]
[Opening "English opening"]
[TimeControl "40/5400+30:1800+30"]
[EventDate "2024.09.11"]
[Board "4"]
[WhiteFideId "13601377"]
[BlackFideId "723894"]
[WhiteTeam "Spain"]
[BlackTeam "Hungary"]

1. c4 g6 2. g3 Bg7 3. Bg2 e5 4. Nc3 Ne7 5. Nf3 Nbc6 6. O-O O-O 7. d3 a5 8.
Ne1 d6 9. Nc2 Nd4 10. Na3 c6 11. e3 Ndf5 12. Nc2 h5 13. h3 Be6 14. Kh2 d5
15. cxd5 cxd5 16. e4 dxe4 17. dxe4 Nd4 18. Bg5 Qd7 19. Bxe7 Qxe7 20. Nxd4
exd4 21. Nd5 Bxd5 22. exd5 Qb4 23. Rb1 Rae8 24. Qd3 Re7 25. h4 Rfe8 26. Bf3
Rc7 27. a3 Qb6 28. Rfd1 Bf6 29. Rd2 Kg7 30. Rbd1 Rec8 31. Re1 Rc1 32. Re4
Rd8 33. Ree2 Rdc8 34. Re4 Rd8 35. Ree2 Rdc8 36. Re4 1/2-1/2

[Event "Olimpiade 2024 - Donne"]
[Site "Budapest"]
[Date "22.09.2024"]
[Round "11.3"]
[White "Dronavalli, Harika"]
[Black "Mammadzada, Gunay"]
[Result "1-0"]
[WhiteElo "2502"]
[BlackElo "2433"]
[ECO "A29"]
[Opening "English"]
[Variation "four knights, kingside fianchetto"]
[TimeControl "40/5400+30:1800+30"]
[EventDate "2024.09.11"]
[Board "1"]
[WhiteFideId "5015197"]
[BlackFideId "13403729"]
[WhiteTeam "India"]
[BlackTeam "Azerbaijan"]

1. c4 Nf6 2. Nc3 e5 3. Nf3 Nc6 4. g3 d5 5. cxd5 Nxd5 6. Bg2 Bc5 7. O-O O-O
8. d3 h6 9. Bd2 Nf6 10. Rc1 Bb6 11. Na4 Qe7 12. Bc3 Rd8 13. Qc2 Nd5 14.
Nxb6 axb6 15. a3 Bf5 16. Rfe1 Nxc3 17. Qxc3 e4 18. dxe4 Bxe4 19. Qe3 Re8
20. Red1 Qf6 21. Qc3 Qxc3 22. Rxc3 Rad8 23. Rdc1 Bxf3 24. Bxf3 Nd4 25. Rxc7
Rxe2 26. Bxe2 Nxe2+ 27. Kg2 Nxc1 28. Rxc1 Rd7 29. Rc3 f5 30. Rb3 Rd6 31.
Rb5 g6 32. h4 h5 33. Kf3 Kf7 34. Kf4 Kf6 35. Rb4 Rc6 36. a4 Rd6 37. b3 Ke6
38. Kg5 Ke5 39. Rc4 Kd5 40. Rc7 Ke4 41. Rg7 f4 42. gxf4 b5 43. Rxb7 bxa4
44. Rb4+ Kf3 45. bxa4 Kxf2 46. Rb3 Ra6 47. a5 Rxa5+ 48. Kxg6 Ra4 49. Kg5
Ra5+ 50. f5 Kg2 51. Kg6 1-0

[Event "Olimpiade 2024 - Donne"]
[Site "Budapest"]
[Date "22.09.2024"]
[Round "11.3"]
[White "Fataliyeva, Ulviyya"]
[Black "Vaishali, Rameshbabu"]
[Result "1/2-1/2"]
[WhiteElo "2378"]
[BlackElo "2498"]
[ECO "E04"]
[Opening "Catalan"]
[Variation "open, 5.Nf3"]
[TimeControl "40/5400+30:1800+30"]
[EventDate "2024.09.11"]
[Board "2"]
[WhiteFideId "13403052"]
[BlackFideId "5091756"]
[WhiteTeam "Azerbaijan"]
[BlackTeam "India"]

1. d4 Nf6 2. c4 e6 3. Nf3 d5 4. g3 dxc4 5. Bg2 a6 6. O-O Nc6 7. e3 Rb8 8.
Nfd2 e5 9. Bxc6+ bxc6 10. dxe5 Nd5 11. Nxc4 Bh3 12. Re1 Nb4 13. Qe2 Qd3 14.
Qxd3 Nxd3 15. Rd1 Rd8 16. Nbd2 Bb4 17. a3 Bxd2 18. Rxd2 O-O 19. f4 Rd5 20.
Na5 c5 21. b3 Bf5 22. a4 Be4 23. Ba3 f6 24. e6 Re8 25. Nb7 Rxe6 26. Nxc5
Nxc5 27. Rxd5 Bxd5 28. Bxc5 Bxb3 29. Ra3 Bc2 30. a5 h5 31. Rc3 Be4 32. Kf2
Rc6 33. h3 Bf5 34. Kg2 Kf7 35. Rc4 Bd3 36. Rc3 Be4+ 37. Kf2 Bf5 38. g4 hxg4
39. hxg4 Bxg4 40. e4 Bd7 41. Ke3 f5 42. Bd4 Rxc3+ 43. Bxc3 g6 44. exf5 Bxf5
45. Kd4 Ke6 46. Kc5 Kd7 47. Be5 1/2-1/2

[Event "Olimpiade 2024 - Donne"]
[Site "Budapest"]
[Date "22.09.2024"]
[Round "11.3"]
[White "Divya, Deshmukh"]
[Black "Beydullayeva, Govhar"]
[Result "1-0"]
[WhiteElo "2483"]
[BlackElo "2395"]
[ECO "A22"]
[Opening "English"]
[Variation "Carls' Bremen system"]
[TimeControl "40/5400+30:1800+30"]
[EventDate "2024.09.11"]
[Board "3"]
[WhiteFideId "35006916"]
[BlackFideId "13413015"]
[WhiteTeam "India"]
[BlackTeam "Azerbaijan"]

1. c4 Nf6 2. Nc3 e5 3. g3 Nc6 4. Bg2 Bb4 5. e4 d6 6. Nge2 Bg4 7. h3 Bxe2 8.
Nxe2 a5 9. O-O Bc5 10. d3 Nd7 11. Be3 Bd4 12. Bxd4 Nxd4 13. Nxd4 exd4 14.
b3 O-O 15. a3 c6 16. Kh2 Qb6 17. Rb1 Qc5 18. Qc1 Ra7 19. Qb2 Raa8 20. f4
Qb6 21. Qf2 Qc5 22. b4 axb4 23. axb4 Qb6 24. b5 c5 25. Ra1 Ra5 26. Rxa5
Qxa5 27. e5 Qc3 28. Qf3 dxe5 29. Qxb7 Qxd3 30. Qxd7 e4 31. Qf5 Qxc4 32.
Qxe4 Qxb5 33. Rb1 Qa5 34. Qc6 d3 35. Qd6 Qd8 36. Qxc5 Re8 37. Qd5 Qxd5 38.
Bxd5 d2 39. Bf3 1-0

[Event "Olimpiade 2024 - Donne"]
[Site "Budapest"]
[Date "22.09.2024"]
[Round "11.3"]
[White "Balajayeva, Khanim"]
[Black "Vantika, Agrawal"]
[Result "0-1"]
[WhiteElo "2384"]
[BlackElo "2370"]
[ECO "B52"]
[Opening "Sicilian"]
[Variation "Canal-Sokolsky attack, 3...Bd7"]
[TimeControl "40/5400+30:1800+30"]
[EventDate "2024.09.11"]
[Board "4"]
[WhiteFideId "13406396"]
[BlackFideId "25050389"]
[WhiteTeam "Azerbaijan"]
[BlackTeam "India"]

1. e4 c5 2. Nf3 d6 3. Bb5+ Bd7 4. Bxd7+ Nxd7 5. O-O Ngf6 6. Qe2 e6 7. b3 g6
8. Bb2 Bg7 9. d4 cxd4 10. Bxd4 O-O 11. c4 Qa5 12. Rc1 a6 13. Nc3 Rac8 14.
Rab1 Rfd8 15. h3 Nh5 16. Bxg7 Kxg7 17. Qe3 Ne5 18. Nd4 Nc6 19. Nxc6 Rxc6
20. a4 Qc5 21. Qd2 Qe5 22. Re1 Rcc8 23. Rbd1 Nf6 24. Re3 h5 25. Rd3 Qa5 26.
Qe3 Ne8 27. Qd4+ Kg8 28. R1d2 Rc6 29. Qe3 Rdc8 30. Ne2 Qc5 31. Nd4 Rb6 32.
Qg3 Kg7 33. Rf3 Nf6 34. Qh4 g5 35. Qg3 Nxe4 36. Rxf7+ Kxf7 37. Qe3 Qe5 38.
Re2 Nf6 39. Qd3 Qf4 40. Nxe6 Qc1+ 41. Kh2 Re8 42. Qf5 Rxb3 43. Nxg5+ Qxg5
44. Qxg5 Rxe2 45. Qf4 Rbb2 46. Qxd6 Rxf2 47. Qc7+ Kg6 48. Kg3 Rxg2+ 49. Kf3
h4 50. Qc8 Rg3+ 51. Kf4 Re2 52. Qf5+ Kg7 53. Qc5 Re1 0-1

[Event "Olimpiade 2024 - Donne"]
[Site "Budapest"]
[Date "22.09.2024"]
[Round "11.4"]
[White "Kashlinskaya, Alina"]
[Black "Dzagnidze, Nana"]
[Result "0-1"]
[WhiteElo "2490"]
[BlackElo "2508"]
[ECO "D37"]
[Opening "QGD"]
[Variation "4.Nf3"]
[TimeControl "40/5400+30:1800+30"]
[EventDate "2024.09.11"]
[Board "1"]
[WhiteFideId "4198026"]
[BlackFideId "13601903"]
[WhiteTeam "Poland"]
[BlackTeam "Georgia"]

1. d4 Nf6 2. c4 e6 3. Nf3 d5 4. Nc3 Nbd7 5. Qc2 Be7 6. cxd5 exd5 7. Bf4 O-O
8. e3 c5 9. Be2 a6 10. O-O b5 11. dxc5 Nxc5 12. Nd4 Bb7 13. a3 Rc8 14. Qd1
g6 15. Bh6 Re8 16. Rc1 Qb6 17. Bg5 Bf8 18. Bh4 Bg7 19. Bd3 Nfe4 20. Nce2
Na4 21. Rb1 Nd6 22. Bc2 Nc5 23. Nc3 Nce4 24. Nxe4 dxe4 25. Bb3 Nc4 26. Bxc4
Rxc4 27. Ne2 Rec8 28. b3 R4c5 29. Nd4 Rc3 30. Qg4 Bxd4 31. exd4 Qxd4 32.
Qf4 Rd3 33. Bf6 Qd6 34. Be5 Qe6 35. Rfe1 Re8 36. Ba1 e3 37. Rxe3 Rxe3 38.
Qxe3 Qxe3 39. fxe3 Rxe3 40. Rd1 f5 41. Rd8+ Kf7 42. Rd7+ Ke8 43. Rxb7 Re1+
44. Kf2 Rxa1 45. a4 bxa4 46. bxa4 Rxa4 47. Rxh7 Re4 48. Ra7 Re6 49. Kf3 Kd8
50. g4 fxg4+ 51. Kxg4 Kc8 52. Kg5 Kb8 53. Rd7 a5 54. h4 a4 55. Rd4 Ra6 56.
Rd2 a3 57. Ra2 Kc7 58. Kh6 Kd7 59. Kh7 Ke8 60. Kg8 Ra7 61. Rf2 Ra4 62. Ra2
Ke7 63. Kg7 Ra6 64. Re2+ Kd6 65. Kf7 Ra7+ 66. Kxg6 a2 67. Rxa2 Rxa2 68. h5
Ke7 69. h6 Kf8 0-1

[Event "Olimpiade 2024 - Donne"]
[Site "Budapest"]
[Date "22.09.2024"]
[Round "11.4"]
[White "Javakhishvili, Lela"]
[Black "Socko, Monika"]
[Result "1/2-1/2"]
[WhiteElo "2446"]
[BlackElo "2422"]
[ECO "A46"]
[Opening "Queen's pawn"]
[Variation "Yusupov-Rubinstein system"]
[TimeControl "40/5400+30:1800+30"]
[EventDate "2024.09.11"]
[Board "2"]
[WhiteFideId "13601458"]
[BlackFideId "1106619"]
[WhiteTeam "Georgia"]
[BlackTeam "Poland"]

1. d4 Nf6 2. Nf3 e6 3. e3 b6 4. Bd3 Bb7 5. O-O d5 6. b3 Bd6 7. Bb2 O-O 8.
c4 Nbd7 9. Nc3 a6 10. Rc1 Qe7 11. a4 Ne4 12. Ne2 Rad8 13. Qc2 f6 14. a5 Rc8
15. Ng3 f5 16. Qe2 Nxg3 17. hxg3 dxc4 18. bxc4 c5 19. axb6 Nxb6 20. e4 cxd4
21. Bxd4 Bc5 22. Ba1 f4 23. Be5 fxg3 24. Bxg3 Nd7 25. Rb1 Bc6 26. Ra1 Ra8
27. Rfd1 a5 28. Bc2 a4 29. Bh4 Qe8 30. Nd4 Bxd4 31. Rxd4 e5 32. Rd6 Nc5 33.
Qe3 Ne6 34. Bg3 Nd4 35. Bd1 Ra5 36. Qc3 Qa8 37. f3 Rc5 38. Bxe5 Nb5 39. Qb2
Nxd6 40. Bxd6 Rh5 41. Bxf8 Qxf8 42. Qd4 Qb8 43. Be2 Qh2+ 44. Kf2 Qh4+ 45.
Kg1 h6 46. Rd1 Qh2+ 47. Kf2 Rg5 48. Bf1 Qg3+ 49. Kg1 Qxf3 50. Qd8+ Qf8 51.
Qxf8+ Kxf8 52. Bd3 Ke7 53. Bc2 Rg3 54. Kf2 Rc3 55. Bd3 Kd6 56. Ke3 Kc5 57.
e5 a3 58. e6 a2 59. Ra1 Ra3 60. e7 Kb4 61. Kd4 Ra7 62. Be4 Rd7+ 63. Bd5 Kb3
64. Kc5 Ba4 65. e8=Q Rxd5+ 66. cxd5 Bxe8 67. Kd6 Kb2 68. Rxa2+ Kxa2 69. Ke7
Bb5 70. d6 Kb3 71. d7 Bxd7 72. Kxd7 Kc4 73. Ke6 Kd4 74. Kf7 Ke4 75. Kxg7
Kf4 1/2-1/2

[Event "Olimpiade 2024 - Donne"]
[Site "Budapest"]
[Date "22.09.2024"]
[Round "11.4"]
[White "Maltsevskaya, Aleksandra"]
[Black "Batsiashvili, Nino"]
[Result "0-1"]
[WhiteElo "2404"]
[BlackElo "2461"]
[ECO "A15"]
[Opening "English opening"]
[TimeControl "40/5400+30:1800+30"]
[EventDate "2024.09.11"]
[Board "3"]
[WhiteFideId "24174041"]
[BlackFideId "13602993"]
[WhiteTeam "Poland"]
[BlackTeam "Georgia"]

1. Nf3 Nf6 2. c4 c5 3. g3 d5 4. cxd5 Nxd5 5. Bg2 Nc6 6. O-O e5 7. Nc3 Be6
8. Qa4 Nb6 9. Qd1 Be7 10. d3 O-O 11. Be3 f5 12. Na4 Nd7 13. Qd2 Rc8 14. Ng5
Bxg5 15. Bxg5 Qe8 16. Be3 b6 17. f4 Nf6 18. Nc3 e4 19. dxe4 Rd8 20. Qc1
fxe4 21. f5 Bc8 22. Bg5 h6 23. Bxf6 Rxf6 24. g4 Rf7 25. Nxe4 Nd4 26. Qc4
Bb7 27. Ng3 b5 28. Qxc5 Nxe2+ 29. Nxe2 Qxe2 30. Bxb7 Rxb7 31. h3 Rbd7 32.
Rae1 Qxb2 33. f6 gxf6 34. Qf5 Kg7 35. Rf2 Qc3 36. Ref1 Rf7 37. Rf3 Qd4+ 38.
R1f2 Rd5 39. Qe6 Re5 40. Qc6 Rc5 41. Qe6 Re5 42. Qb3 a5 43. Qc2 b4 44. Rf4
Re1+ 45. Kh2 Qd5 46. R4f3 Qe5+ 47. Kg2 Re3 48. h4 Rxf3 49. Rxf3 Re7 50. Kh3
Rc7 51. Qd2 Qe6 52. Qd4 h5 53. Rf5 Rc3+ 54. Kh2 Qxa2+ 55. Rf2 Qe6 56. Rf5
Qe2+ 57. Rf2 Qe5+ 58. Qxe5 fxe5 59. Rf5 hxg4 60. Rxe5 a4 61. Re4 Rb3 62.
Rxg4+ Kh6 63. Rg8 a3 64. Rh8+ Kg6 65. h5+ Kg7 66. Ra8 Rb2+ 67. Kg3 a2 68.
Kg4 Rg2+ 69. Kf3 Rc2 0-1

[Event "Olimpiade 2024 - Donne"]
[Site "Budapest"]
[Date "22.09.2024"]
[Round "11.4"]
[White "Khotenashvili, Bella"]
[Black "Kiolbasa, Oliwia"]
[Result "1-0"]
[WhiteElo "2432"]
[BlackElo "2348"]
[ECO "E18"]
[Opening "Queen's Indian"]
[Variation "old main line, 7.Nc3"]
[TimeControl "40/5400+30:1800+30"]
[EventDate "2024.09.11"]
[Board "4"]
[WhiteFideId "13602640"]
[BlackFideId "1154613"]
[WhiteTeam "Georgia"]
[BlackTeam "Poland"]

1. Nf3 Nf6 2. g3 b6 3. Bg2 Bb7 4. c4 e6 5. O-O Be7 6. Nc3 O-O 7. d4 Ne4 8.
Bd2 Bf6 9. Qc2 Nxd2 10. Qxd2 d6 11. e4 Nd7 12. Rab1 c5 13. Rfd1 cxd4 14.
Nxd4 Ne5 15. b3 a6 16. Nde2 Be7 17. f4 Nc6 18. Kh1 Rc8 19. Rbc1 Na5 20. Qe3
Qc7 21. Na4 Bd8 22. Qd4 Bc6 23. Nac3 Nb7 24. Nd5 Bxd5 25. cxd5 Qd7 26. Rxc8
Qxc8 27. Rc1 Qd7 28. b4 a5 29. a3 axb4 30. axb4 Qe7 31. Qc4 e5 32. f5 Qg5
33. Qa6 Qe3 34. Rc3 Qd2 35. Bf3 Bg5 36. Qxb7 Be3 37. Kg2 Bd4 38. Rc8 1-0

[Event "Olimpiade 2024 - Donne"]
[Site "Budapest"]
[Date "22.09.2024"]
[Round "11.5"]
[White "Mkrtchian, Lilit"]
[Black "Wagner, Dinara"]
[Result "1-0"]
[WhiteElo "2366"]
[BlackElo "2452"]
[ECO "A20"]
[Opening "English opening"]
[TimeControl "40/5400+30:1800+30"]
[EventDate "2024.09.11"]
[Board "1"]
[WhiteFideId "13300601"]
[BlackFideId "24157570"]
[WhiteTeam "Armenia"]
[BlackTeam "Germany"]

1. c4 e5 2. g3 Nf6 3. Bg2 Bc5 4. Nc3 c6 5. e3 Bb6 6. Nge2 d5 7. cxd5 cxd5
8. d4 e4 9. f3 exf3 10. Bxf3 Nc6 11. Qb3 O-O 12. O-O Na5 13. Qc2 Be6 14.
Nf4 Qd7 15. Qg2 Rad8 16. h3 Nc6 17. g4 g5 18. Nd3 h6 19. Bd2 Rfe8 20. Be1
Qe7 21. Bg3 Ne4 22. Rae1 Nxg3 23. Qxg3 a6 24. Qg2 Qd6 25. Bd1 Kg7 26. Rf3
Ne7 27. Ref1 Ng6 28. Qf2 Re7 29. Ne2 Bc7 30. Ng3 Kf8 31. Nh5 Rc8 32. Rf6
Ke8 33. Nc5 Bb8 34. Ng7+ Kd8 35. Ngxe6+ fxe6 36. Rxg6 Rxc5 37. dxc5 Qxc5
38. Rg8+ Kc7 39. Qc2 1-0

[Event "Olimpiade 2024 - Donne"]
[Site "Budapest"]
[Date "22.09.2024"]
[Round "11.5"]
[White "Paehtz, Elisabeth"]
[Black "Mkrtchyan, Mariam"]
[Result "1/2-1/2"]
[WhiteElo "2455"]
[BlackElo "2328"]
[ECO "A14"]
[Opening "English"]
[Variation "Neo-Catalan declined"]
[TimeControl "40/5400+30:1800+30"]
[EventDate "2024.09.11"]
[Board "2"]
[WhiteFideId "4641833"]
[BlackFideId "13310828"]
[WhiteTeam "Germany"]
[BlackTeam "Armenia"]

1. Nf3 d5 2. g3 Nf6 3. Bg2 e6 4. O-O Be7 5. c4 O-O 6. Ne5 Nbd7 7. d4 c6 8.
Nc3 Nxe5 9. dxe5 Nd7 10. cxd5 exd5 11. f4 f5 12. Be3 Nb6 13. b3 Be6 14. Bf2
Qe8 15. Qc2 Qf7 16. Nd1 Rac8 17. Bc5 Nd7 18. Bxe7 Qxe7 19. Rc1 Nb6 20. Qc5
Qxc5+ 21. Rxc5 d4 22. e3 Rcd8 23. Rc2 Rd7 24. exd4 Rxd4 25. Ne3 g6 26. Kf2
Rfd8 27. Ke2 Kf7 28. Rd1 Rxd1 29. Nxd1 a5 30. Rd2 Ra8 31. Rb2 1/2-1/2